 Dungeon Crawl Stone Soup version 0.25.0-9-g26727b657a (webtiles) character file.

Game seed: 4571746475911694808

29 MisterFreud the Skirmisher (level 3, 0/18 HPs)
             Began as a Felid Abyssal Knight on June 20, 2020.
             Was a Follower of Lugonu.
             Slain by an adder (3 damage)
             ... on level 2 of the Dungeon.
             The game lasted 00:02:20 (1662 turns).

MisterFreud the Skirmisher (Felid Abyssal Knight)   Turns: 1662, Time: 00:02:21

Health: 0/18       AC:  1    Str:  8    XL:     3   Next: 1%
Magic:  5/5        EV: 18    Int: 13    God:    Lugonu [*.....]
Gold:   60         SH:  0    Dex: 16    Spells: 2/2 levels left
                                        Lives:  0   Deaths: 0

rFire    . . .     SeeInvis +     - Unarmed
rCold    . . .     Gourm    .   (shield unavailable)
rNeg     . . .     Faith    .   (armour unavailable)
rPois    .         Spirit   .   (helmet unavailable)
rElec    .         Reflect  .   (cloak unavailable)
rCorr    .         Harm     .   (gloves unavailable)
MR       .....                  (boots unavailable)
Stlth    ++........             (no amulet)
HPRegen  0.06/turn              (no ring)
MPRegen  0.09/turn              (no ring)

@: mighty, lethally poisoned (0 -> -5), quick
A: very small, no armour, no weapons or thrown items, stealth, claws 1, fangs 3,
see invisible, carnivore, speed 1, shaggy fur 1, slow metabolism 1, sharp paws
a: Depart the Abyss, Renounce Religion


You were on level 2 of the Dungeon.
You worshipped Lugonu.
Lugonu was aware of your devotion.
You were completely stuffed.

You visited 1 branch of the dungeon, and saw 2 of its levels.
You visited the Abyss 1 time.

You collected 60 gold pieces.

Inventory:

Jewellery
 j - an uncursed ring of protection from fire {unknown}
Scrolls
 c - a scroll of enchant weapon {unknown}
 d - a scroll of blinking {unknown}
 f - a scroll of remove curse {unknown}
 g - a scroll of fear {unknown}
 i - 2 scrolls of magic mapping {unknown}
Comestibles
 a - 4 rations
 h - a chunk of flesh


   Skills:
 - Level 4.0 Fighting
 - Level 3.2 Dodging
 + Level 1.1 Stealth
 + Level 2.2 Unarmed Combat
 - Level 1.7 Invocations


You had 2 spell levels left.
You didn't know any spells.
Your spell library was empty.

Dungeon Overview and Level Annotations

Branches:
Dungeon (2/15)

Altars:


Innate Abilities, Weirdness & Mutations

You cannot wear armour.
You are incapable of wielding weapons or throwing items.
Your paws allow you to move quietly. (Stealth)
You have sharp claws.
You have razor-sharp teeth.
You have supernaturally acute eyesight. (SInv)
You are carnivorous and can eat meat at any time.
You cover ground quickly.
You are covered in fur. (AC +1)
You have a slow metabolism.
Your sharp claws are effective at attacking unaware monsters.


Message History

The adder is heavily wounded.
* * * LOW HITPOINT WARNING * * *
You feel sick. The adder completely misses you.
Unknown command.
It was a potion of curing.
You feel better. The adder bites you.
* * * LOW HITPOINT WARNING * * *
You are lethally poisoned!
The adder poisons you! The adder misses you.
It was a potion of might.
You feel very mighty all of a sudden.
* * * LOW HITPOINT WARNING * * *
You feel sick. The adder barely misses you.
You barely miss the adder. Your bite misses the adder.
The adder is heavily wounded.
The adder barely misses you.
You miss the adder.
The adder is heavily wounded.
* * * LOW HITPOINT WARNING * * *
You feel sick. The adder bites you.
You die...

###.#.##.#.#
.....##.#.#
#########...##.#.### #
#.......#...#......##.#
..##....#.#.#.........#
####.#.<#.#........#
####.#.##.#........#
...#.#....#...##.###
...#.######.#.##@#
..........#.#..#S#
...#.####.#.##.#.#
####.# #.#.# ...#
#.####.#. #..# #......#
#..# ######## #..# ##.#


You could see an adder.

Vanquished Creatures
  A worm (D:2)
  A dart slug (D:1)
  A leopard gecko (D:1)
  A giant cockroach (D:1)
  4 goblins (D:1)
  3 hobgoblins (D:1)
  5 bats (D:1)
  A frilled lizard (D:1)
  4 kobolds (D:1)
  3 rats (D:1)
24 creatures vanquished.

Notes
Turn   | Place    | Note
-------+----------+-------------------------------------------
     0 | Abyss:1  | MisterFreud the Felid Abyssal Knight began the quest for
                  | the Orb.
     0 | Abyss:1  | Reached XP level 1. HP: 10/10 MP: 3/3
    80 | Abyss:1  | Found a shadowy altar of Dithmenos.
   127 | Abyss:1  | Noticed a bone dragon
   128 | D:1      | Escaped the Abyss
   192 | D:1      | Reached * piety under Lugonu
   552 | D:1      | Reached XP level 2. HP: 8/14 MP: 4/4
  1019 | D:1      | Reached skill level 4 in Fighting
  1510 | D:2      | Reached skill level 1 in Stealth
  1510 | D:2      | Reached XP level 3. HP: 12/18 MP: 5/5
  1662 | D:2      | Slain by an adder

Illustrated notes

Levels and vault maps discovered:
D:1:      minmay_arrival_arboretum_small, layout_basic
D:2:      layout_basic, ashenzari_conservatory_becter, lemuel_round_altar,
          chequers_ecumenical_altar_simple_redux

Skill      XL: |  1  2 |
---------------+-------+-----
Fighting       | 4 |  4.0
Stealth        | 1 |  1.1
Dodging        | |  3.2
Unarmed Combat | |  2.2
Invocations    | |  1.7

Action                   || total
-------------------------++-------
Melee: Unarmed           ||    92
       Bite              ||     7
Invok: Depart the Abyss  ||     1
  Use: Potion            ||     2
 Stab: Sleeping          ||     1
  Eat: Chunk             ||     9
Armor: Skin              ||     5
Dodge: Dodged            ||    76
